 Dungeon Crawl Stone Soup version 0.29-a0-653-gd47aff6735 (webtiles) character file.

Game seed: 1222185563659204349

48793 buhh the Protected (level 14, -2/159 HPs)
             Began as a Formicid Hunter on June 21, 2022.
             Was an Elder of Hepliaklqana.
             Slain by an eight-headed hydra (4 damage)
             ... on level 6 of the Lair of Beasts.
             The game lasted 01:15:11 (26460 turns).

buhh the Protected (Formicid Hunter)               Turns: 26460, Time: 01:15:12

Health: -2/159     AC: 27    Str: 14 (16) XL:     14   Next: 88%
Magic:  17/17      EV:  2    Int: 12 (14) God:    Hepliaklqana [****..]
Gold:   1065       SH:  0    Dex: 21 (23) Spells: 13/13 levels left

rFire   + . .      SeeInvis .   a - +2 hand crossbow
rCold   + . .      Faith    .   l - +0 kite shield
rNeg    . . .      Spirit   .   (body armour currently unavailable)
rPois   +          Reflect  .   (helmet unavailable)
rElec   +          Harm     .   (cloak currently unavailable)
rCorr   +          Rampage  .   (gloves currently unavailable)
Will    +....                   (boots currently unavailable)
Stlth   +.........              p - amulet of the acrobat
HPRegen 0.36/turn               D - +6 ring of dexterity
MPRegen 0.15/turn               C - +4 ring of evasion

@: confused, brilliant, tree-form, resistant, ambrosia-drunk, acrobatic
A: stationary, stasis, torment immunity, boosted hp, reduced essence, permanent
stasis, dig shafts and tunnels, (antennae 3), four strong arms
a: Renounce Religion, Recall Ancestor, Ancestor Identity, Transference, Idealise


You were on level 6 of the Lair of Beasts.
You worshipped Hepliaklqana.
Hepliaklqana was greatly pleased with you.
You were a tree.
You visited 3 branches of the dungeon, and saw 22 of its levels.
You also visited: Gauntlet.

You collected 1065 gold pieces.

Inventory:

Hand Weapons
 a - a +2 hand crossbow (weapon)
Missiles
 e - 28 poisoned darts (quivered)
 w - a throwing net {!f}
Armour
 b - a +0 leather armour
 i - a +2 cloak of willpower (melded)
 j - a +0 pair of boots (melded)
 l - a +0 kite shield (worn)
 n - a +1 pair of gloves
 o - the +15 Maxwell's patent armour (melded) {-Cast -Tele rElec Will+ rCorr}
   (You found it on level 10 of the Dungeon)

   rElec:     It insulates you from electricity.
   -Cast:     It prevents spellcasting.
   -Tele:     It prevents most forms of teleportation.
   rCorr:     It protects you from acid and corrosion.
   Will:      It increases your willpower.
 q - a +0 buckler
 s - a +1 cloak
 M - a +2 pair of gloves (melded)
Jewellery
 d - a +6 ring of intelligence
 f - a ring of protection from cold
 p - an amulet of the acrobat (around neck)
 r - the ring "Zappyfe" {rElec Will+++ rCorr Str-5 Dex-5}
   (You found it on level 11 of the Dungeon)

   [ring of resist corrosion]

   Str:       It affects your strength (-5).
   Dex:       It affects your dexterity (-5).
   rElec:     It insulates you from electricity.
   rCorr:     It protects you from acid and corrosion.
   Will:      It greatly increases your willpower.
 z - a ring of positive energy
 C - a +4 ring of evasion (right branch)
 D - a +6 ring of dexterity (left branch)
Wands
 v - a wand of digging (9)
 E - a wand of flame (15)
 H - a wand of iceblast (5)
Scrolls
 c - 5 scrolls of blinking {!d}
 g - a scroll of identify {!d}
 m - a scroll of vulnerability
 t - 4 scrolls of teleportation {!d}
 u - 3 scrolls of silence {!r}
 x - 4 scrolls of noise
 F - a scroll of enchant weapon
 I - a scroll of summoning {unknown}
 N - a scroll of fear {!r}
 O - a scroll of poison
 P - 2 scrolls of magic mapping {!r!d}
 Q - 2 scrolls of fog
 R - a scroll of brand weapon {unknown}
 T - 2 scrolls of immolation {!d}
 X - a scroll of amnesia
 Z - 2 scrolls of enchant armour
Potions
 h - 4 potions of attraction
 k - 5 potions of flight
 A - 3 potions of degeneration
 B - 2 potions of ambrosia {!q!d}
 K - 4 potions of brilliance {!q!d}
 L - a potion of resistance {!q!d}


   Skills:
 - Level 13.0 Fighting
 - Level 11.1 Crossbows
 * Level 14.0 Armour
 - Level 5.0 Dodging
 - Level 5.0 Stealth
 - Level 11.3 Shields
 - Level 11.3 Earth Magic
 - Level 5.0 Invocations


You had 13 spell levels left.
You didn't know any spells.
Your spell library contained the following spells:

 Spells                   Type           Power      Damage    Failure   Level
 Lee's Rapid Deconstruct  Erth           20%        3d13*     16%         5
 Summon Small Mammal      Summ           0%         N/A       50%         1
 Animate Armour           Summ/Erth      40%        N/A       50%         4
 Sublimation of Blood     Necr           0%         N/A       65%         2
 Wereblood                Tmut           0%         N/A       65%         2
 Borgnjor's Vile Clutch   Necr/Erth      10%        N/A       85%         5
 Call Canine Familiar     Summ           0%         N/A       86%         3
 Ozocubu's Armour         Ice            0%         N/A       86%         3
 Summon Guardian Golem    Hex/Summ       0%         N/A       86%         3
 Corpse Rot               Necr/Pois/Air  0%         N/A       99%         4
 Dispel Undead            Necr           0%         3d6       99%         4
 Fulminant Prism          Conj/Hex       0%         3d6       99%         4
 Iskenderun's Mystic Bla  Conj/Tloc      0%         2d3       99%         4
 Alistair's Intoxication  Tmut/Pois      0%         N/A       100%        5
 Blade Hands              Tmut           0%         N/A       100%        5
 Metabolic Englaciation   Hex/Ice        0%         N/A       100%        5
 Conjure Ball Lightning   Conj/Air       0%         3x3d6     100%        6
 Death Channel            Necr           0%         N/A       100%        6
 Eringya's Noxious Bog    Tmut/Pois      0%         N/A       100%        6
 Iron Shot                Conj/Erth      10%        9d3       100%        6
 Simulacrum               Ice/Necr       0%         N/A       100%        6
 Summon Hydra             Summ           0%         N/A       100%        7
 Discord                  Hex            0%         N/A       100%        8
 Disjunction              Tloc           0%         N/A       100%        8


Dungeon Overview and Level Annotations

Branches:
Dungeon (15/15) Zot: 25246  Temple (1/1) D:5 Zot: 5908    Lair (6/6) D:10 Zot: 23815
 Shoals (0/4) Lair:2       Spider (0/4) Lair:2        Slime (0/5) Lair:6
    Orc (0/2) D:10        Gauntlet (visited)
 Vaults: D:13-14     Depths: D:15

Altars:
Ashenzari
Cheibriados
Dithmenos
Elyvilon
Fedhas
Gozag
Hepliaklqana
Kikubaaqudgha
Makhleb
Nemelex Xobeh
Okawaru
Qazlal
Ru
Sif Muna
Trog
Uskayaw
Vehumet
Wu Jian
Xom
Yredelemnul
Zin
The Shining One
Jiyva

Shops:
D:7 [   D:9 ([

Annotations:
D:5 1 runed translucent door, exclusion: door, DocClef's ghost, novice MiGl; Prince Ribbit
D:11 exclusion: boulder beetle
D:13 exclusion: 4 centaur warriors
D:14 exclusion: centaur warrior
D:15 exclusion: centaur warrior
Lair:3 Gastronok
Lair:5 croobank's ghost, journeyman GnDe
Lair:6 1 runed translucent door


Innate Abilities, Weirdness & Mutations

You are a tree.
Your roots penetrate the ground, keeping you stationary.
You cannot be teleported.
You are immune to unholy pain and torment.
Your maximum health is greatly increased.
Your equipment is partially melded.
Your life essence is reduced to manifest your ancestor. (-10% HP)
You cannot be hasted, slowed, berserked, paralysed or teleported.
You can dig through walls and to a lower floor.
((You have a pair of large antennae on your head. (SInv)))
Your four strong arms can wield two-handed weapons with a shield.


Message History

The +15 Maxwell's patent armour {-Cast -Tele rElec Will+ rCorr} melds into your body.
You feel less strong-willed.
Your roots penetrate the ground.
The eight-headed hydra bites you but does no damage.
The eight-headed hydra bites you!
* * * LOW HITPOINT WARNING * * *
The eight-headed hydra bites you!
* * * LOW HITPOINT WARNING * * *
The eight-headed hydra bites you.
* * * LOW HITPOINT WARNING * * *
The eight-headed hydra bites you but does no damage. x3
The eight-headed hydra barely misses you.
You are too confused!
You cannot move. (Use ctrl+direction or * direction to attack while stationary and confused.)
You cannot move. (Use ctrl+direction or * direction to attack while stationary and confused.)
You cannot move. (Use ctrl+direction or * direction to attack while stationary and confused.)
You are too injured to fight recklessly!
You are too injured to fight recklessly!
You are too injured to fight recklessly!
The eight-headed hydra bites you but does no damage.
The eight-headed hydra completely misses you.
The eight-headed hydra bites you but does no damage. x4
The eight-headed hydra bites you.
* * * LOW HITPOINT WARNING * * *
The eight-headed hydra bites you but does no damage.
The eight-headed hydra bites you but does no damage. x2
The eight-headed hydra bites you!
* * * LOW HITPOINT WARNING * * *
The eight-headed hydra bites you.
* * * LOW HITPOINT WARNING * * *
The eight-headed hydra bites you but does no damage. x2
The eight-headed hydra bites you.
* * * LOW HITPOINT WARNING * * *
The eight-headed hydra bites you but does no damage.
The eight-headed hydra bites you but does no damage.
The eight-headed hydra bites you!
* * * LOW HITPOINT WARNING * * *
The eight-headed hydra bites you.
* * * LOW HITPOINT WARNING * * *
The eight-headed hydra bites you.
You die...

.# ...### ###
♣....##♣#### #
♣....#D##.####
#
♣..†.†...##.#
##
♣♣♣♣♣♣♣...#.#
#. ♣♣....# ##
♣♣♣..# # {
♣.P## ####
♣...######...
♣♣...##......


You could see an eight-headed hydra.

Vanquished Creatures
  A boulder beetle (Lair:5)
  A hydra (Lair:1)
  Pikel (D:9)
  An oklob plant (Lair:5)
  Maurice (D:7)
  2 elephants
  5 black mambas
  6 cane toads
  An unseen horror (shapeshifter) (D:15)
  Psyche (D:8)
  6 komodo dragons
  A polar bear (Lair:6)
  2 trolls
  4 hornets
  9 blink frogs
  A dream sheep (D:8)
  3 wraiths
  3 wyverns
  3 spriggans (Lair:6)
  24 yaks
  A vampire (D:9)
  3 vampire mosquitoes
  10 water moccasins
  2 orc warriors
  An ogre (D:5)
  3 centaurs
  8 wolves
  A phantom (D:4)
  2 kobold brigands
  7 bullfrogs
  Blork the orc (D:3)
  A necrophage (D:5)
  2 gnoll sergeants
  4 scorpions
  2 howler monkeys
  6 hounds
  2 jellies
  8 orc priests
  2 gnoll shamans
  4 iguanas
  10 orc wizards
  2 hell rats (Lair:6)
  19 gnolls
  8 adders
  A white imp (D:7)
  3 ufetubi
  A worm (Lair:2)
  4 dart slugs
  38 orcs
  A ball python (D:2)
  3 bats
  4 endoplasms
  2 giant cockroaches
  4 goblins
  7 hobgoblins
  12 kobolds
  6 quokkas
  A frilled lizard (D:2)
  3 rats (D:1)
275 creatures vanquished.

Vanquished Creatures (collateral kills)
  A boulder beetle (Lair:5)
  3 catoblepae
  4 hydras
  A lindwurm (Lair:5)
  An oklob plant (Lair:3)
  A manticore (D:12)
  9 elephants
  3 black mambas
  2 gargoyles (D:11)
  14 cane toads
  A rime drake (Lair:5)
  5 komodo dragons
  A troll (D:11)
  2 polar bears
  A hornet (Lair:6)
  A dream sheep (D:8)
  A slime creature (D:12)
  5 blink frogs
  A vampire (D:12)
  A shadow (D:11)
  3 spriggans (Lair:6)
  A wyvern (D:11)
  2 basilisks
  23 yaks
  3 vampire mosquitoes
  13 water moccasins
  An orc warrior (D:11)
  A sky beast (D:6)
  3 black bears
  8 wolves
  A centaur (D:6)
  A kobold brigand (D:8)
  9 bullfrogs
  A necrophage (D:6)
  A gnoll sergeant (D:11)
  4 scorpions
  4 hounds (D:9)
  2 orc priests
  A gnoll shaman (D:9)
  2 orc wizards
  3 hell rats (Lair:6)
  7 gnolls
  A worm (Lair:2)
  2 orcs
  A giant cockroach (Lair:2)
  A kobold (D:9)
  A bush (Lair:3)
158 creatures vanquished.

Vanquished Creatures (others)
  18 ancestors
  18 knights
  8 bushes
  A butterfly (D:5)
  A demonic plant (Gauntlet)
  44 fungi
  70 plants
160 creatures vanquished.

Grand Total: 593 creatures vanquished

Notes
Turn   | Place    | Note
-------+----------+-------------------------------------------
     0 | D:1      | buhh the Formicid Hunter began the quest for the Orb.
     0 | D:1      | Reached XP level 1. HP: 16/16 MP: 1/1
    82 | D:1      | Reached XP level 2. HP: 22/22 MP: 2/2
   748 | D:2      | Reached XP level 3. HP: 27/27 MP: 3/3
  1188 | D:2      | Reached skill level 1 in Armour
  1188 | D:2      | Reached XP level 4. HP: 33/33 MP: 4/4
  1417 | D:3      | Found a faded altar of an unknown god.
  1419 | D:3      | Identified the +2 short sword "Qusiruz" {venom, Contam
                  | Will+++ rCorr}
  1485 | D:3      | Found a basalt altar of Yredelemnul.
  1715 | D:3      | Reached XP level 5. HP: 38/38 MP: 5/5
  1873 | D:3      | Found a snail-covered altar of Cheibriados.
  2167 | D:4      | Noticed Blork the orc
  2289 | D:4      | Reached XP level 6. HP: 36/44 MP: 6/6
  2951 | D:3      | You fall into a shaft and drop 3 floors!
  3374 | D:5      | Entered Level 5 of the Dungeon
  3378 | D:5      | Found a staircase to the Ecumenical Temple.
  3413 | Temple   | Entered the Ecumenical Temple
  3532 | D:5      | Reached XP level 7. HP: 50/50 MP: 7/7
  4353 | D:5      | Noticed a wyvern
  4501 | D:5      | Reached XP level 8. HP: 49/56 MP: 8/8
  4546 | D:5      | Found a blossoming altar of Fedhas.
  4577 | D:5      | Noticed Prince Ribbit
  4778 | D:5      | Found a white marble altar of Elyvilon.
  4865 | D:5      | You fall into a shaft and drop 3 floors!
  4890 | D:8      | Found a glowing silver altar of Zin.
  4939 | D:7      | Found a sacrificial altar of Ru.
  5210 | D:7      | You fall into a shaft and drop 1 floor!
  5402 | D:8      | Noticed Maurice
  5477 | D:8      | Found an opulent altar of Gozag.
  5516 | D:8      | Noticed Psyche
  5600 | D:9      | Noticed Pikel
  5619 | D:8      | Noticed a wyvern
  5629 | D:8      | Killed Psyche
  5630 | D:8      | Reached XP level 9. HP: 69/69 MP: 9/9
  6051 | D:6      | You fall into a shaft and drop 3 floors!
  6054 | D:9      | Found a hazy altar of Hepliaklqana.
  6112 | D:9      | Became a worshipper of Hepliaklqana the Forgotten
  6371 | D:7      | Killed Maurice
  6377 | D:7      | HP: 3/76 [poisoned by Maurice]
  7046 | D:7      | Found Goeghyj's Antique Armour Boutique.
  7783 | D:5      | Reached XP level 10. HP: 80/85 MP: 10/10
  7804 | D:5      | Found a runed translucent door.
  7810 | D:5      | Noticed DocClef's ghost (novice MiGl)
  7905 | D:5      | Reached skill level 2 in Armour
  8902 | D:6      | Found a shimmering altar of Xom.
  8903 | D:6      | Reached * piety under Hepliaklqana
  9050 | D:6      | Reached skill level 3 in Armour
  9341 | D:6      | Reached skill level 4 in Armour
  9744 | D:6      | Reached skill level 5 in Armour
  9943 | D:3      | Killed Blork the orc
 10659 | D:8      | Noticed a three-headed hydra
 10673 | D:8      | You fall into a shaft and drop 2 floors!
 10673 | D:10     | Entered Level 10 of the Dungeon
 11242 | D:9      | Killed Pikel
 11243 | D:9      | Reached XP level 11. HP: 80/82 MP: 11/11
 11327 | D:9      | Found Wyoptic's Armour Shop.
 11507 | D:9      | Found a sparkling altar of Nemelex Xobeh.
 11647 | D:9      | Found Weotzo's Antique Weapon Boutique.
 12243 | D:8      | You fall into a shaft and drop 1 floor!
 12521 | D:10     | Found a staircase to the Orcish Mines.
 12570 | D:10     | Noticed a death yak
 12632 | D:10     | Found the +15 Maxwell's patent armour {-Cast -Tele rElec
                  | Will+ rCorr}
 12827 | D:10     | Noticed a death yak
 12832 | D:10     | Noticed a death yak
 12832 | D:10     | Noticed a death yak
 13786 | D:8      | You fall into a shaft and drop 2 floors!
 14219 | D:10     | Found a staircase to the Lair.
 14250 | D:10     | You fall into a shaft and drop 2 floors!
 14268 | D:12     | Reached skill level 11 in Crossbows
 14380 | D:11     | Identified the ring "Zappyfe" {rElec Will+++ rCorr Str-5
                  | Dex-5}
 14531 | D:11     | Reached ** piety under Hepliaklqana
 14851 | D:10     | Noticed a death yak
 15540 | D:10     | You fall into a shaft and drop 2 floors!
 15541 | D:12     | Remembered your ancestor Kaladin as a knight
 15604 | D:12     | Reached skill level 11 in Fighting
 15669 | D:12     | You fall into a shaft and drop 1 floor!
 15769 | D:13     | Noticed a manticore
 15848 | D:13     | Noticed a rakshasa
 15905 | D:13     | Noticed a centaur warrior
 15913 | D:13     | You fall into a shaft and drop 2 floors!
 15913 | D:15     | Entered Level 15 of the Dungeon
 16188 | D:15     | Noticed a skeletal warrior
 16208 | D:15     | Noticed a catoblepas
 16212 | D:15     | Noticed a centaur warrior
 16214 | D:14     | Noticed a centaur warrior
 16214 | D:14     | Noticed a deep elf pyromancer
 16327 | D:13     | Noticed a tengu warrior
 16354 | D:13     | Noticed a centaur warrior
 16354 | D:13     | Noticed a centaur warrior
 16354 | D:13     | Noticed a deep elf pyromancer
 16354 | D:13     | Noticed a centaur warrior
 16367 | D:13     | Noticed a centaur warrior
 16369 | D:12     | Noticed a manticore
 16376 | D:12     | Killed a manticore
 16903 | D:12     | Noticed a two-headed ogre
 17010 | D:11     | Reached XP level 12. HP: 92/92 MP: 15/15
 17256 | D:11     | Noticed a boulder beetle
 17869 | Lair:1   | Entered Level 1 of the Lair of Beasts
 17869 | Lair:1   | Reached *** piety under Hepliaklqana
 17952 | Lair:1   | Reached skill level 6 in Armour
 17981 | Lair:1   | You fall into a shaft and drop 1 floor!
 18030 | Lair:2   | Noticed a seven-headed hydra
 18069 | Lair:1   | You fall into a shaft and drop 1 floor!
 18069 | Lair:2   | Found a staircase to the Shoals.
 18494 | Lair:2   | Reached skill level 7 in Armour
 18810 | Lair:2   | Found a hole to the Spider Nest.
 19461 | Lair:1   | Reached skill level 8 in Armour
 19795 | Lair:1   | Killed a seven-headed hydra
 19827 | Lair:1   | Reached **** piety under Hepliaklqana
 20030 | Lair:1   | Reached skill level 9 in Armour
 20589 | Lair:3   | Reached XP level 13. HP: 99/99 MP: 16/16
 20674 | Lair:3   | Found a blossoming altar of Fedhas.
 21006 | Lair:3   | Noticed a boulder beetle
 21012 | Lair:3   | Noticed Gastronok
 21025 | Lair:3   | You fall into a shaft and drop 3 floors!
 21025 | Lair:6   | Entered Level 6 of the Lair of Beasts
 21031 | Lair:5   | Noticed a catoblepas
 21042 | Lair:5   | Noticed a four-headed hydra
 21061 | Lair:5   | Noticed a four-headed hydra
 21083 | Lair:5   | Noticed a boulder beetle
 21090 | Lair:5   | You fall into a shaft and drop 1 floor!
 21172 | Lair:6   | Noticed a catoblepas
 21192 | Lair:6   | Killed a catoblepas
 21229 | Lair:6   | Reached skill level 10 in Armour
 21812 | Lair:6   | buhh: o/
 21812 | Lair:6   | buhh: sec, discord convo is interesting
 21812 | Lair:6   | buhh: lol
 21837 | Lair:5   | Noticed a boulder beetle
 21858 | Lair:5   | Reached skill level 11 in Armour
 21918 | Lair:5   | Killed a four-headed hydra
 22022 | Lair:5   | Noticed a catoblepas
 22047 | Lair:5   | Killed a catoblepas
 22223 | Lair:5   | You fall into a shaft and drop 1 floor!
 22272 | Lair:5   | Killed a four-headed hydra
 22284 | Lair:5   | Reached XP level 14. HP: 94/106 MP: 17/17
 22557 | Lair:6   | Found a runed translucent door.
 23145 | Lair:4   | Found a gate leading to a gauntlet.
 23159 | Lair:4   | Found an iron altar of Okawaru.
 23162 | Gauntlet | Entered a Gauntlet
 23162 | Gauntlet | Found a transporter.
 23162 | Gauntlet | Found a transporter.
 23170 | Gauntlet | Found a transporter.
 23170 | Gauntlet | Found the +2 hat of the Bear Spirit {Spirit, *Rage Will++}
 23174 | Gauntlet | Found a transporter.
 23186 | Gauntlet | Found a transporter.
 23186 | Gauntlet | Found a transporter.
 23194 | Gauntlet | Found a transporter.
 23211 | Gauntlet | Found a transporter.
 23229 | Gauntlet | Found a transporter.
 23229 | Gauntlet | Found a transporter.
 23237 | Gauntlet | Found a transporter.
 23241 | Gauntlet | Found a transporter.
 23519 | Lair:4   | Reached skill level 12 in Armour
 23835 | Lair:4   | Reached skill level 11 in Earth Magic
 23892 | Lair:4   | Reached skill level 11 in Shields
 25095 | Lair:5   | Found a runed translucent door.
 25096 | Lair:5   | Noticed croobank's ghost (journeyman GnDe)
 25224 | Lair:5   | Reached skill level 13 in Armour
 25972 | Lair:5   | You fall into a shaft and drop 1 floor!
 25987 | Lair:6   | Found a viscous altar of Jiyva.
 25988 | Lair:6   | Found a staircase to the Slime Pits.
 25988 | Lair:6   | Noticed an acid blob
 25988 | Lair:6   | Noticed an acid blob
 25988 | Lair:6   | Noticed an acid blob
 26327 | Lair:6   | Reached skill level 14 in Armour
 26460 | Lair:6   | HP: 7/159 [eight-headed hydra (7)]
 26460 | Lair:6   | HP: 2/159 [eight-headed hydra (5)]
 26460 | Lair:6   | Slain by an eight-headed hydra

Illustrated notes

Levels and vault maps discovered:
D:1:      tarquinn_simple_flora_water_e, layout_basic, minmay_misc_feat_columns
D:2:      layout_rooms, chequers_mini_garden
D:3:      layout_loops_corners, mainiacjoe_overflow_tiny_flanked,
          mainiacjoe_overflow_surrounded_room, basic_ecumenical_altar,
          chequers_serial_rivers_large_b
D:4:      layout_rooms, chequers_serial_rivers_large_a,
          minmay_fractal_squares_diagonal_5, uniq_blork_the_orc
D:5:      layout_loops_ring, marbit_many_paths, nicolae_elyvilon_peaceful_grove,
          temple_pool_b, ebering_ghost_reflecting_pool,
          dreamdust_princess_bridge, uniq_prince_ribbit1
D:6:      layout_basic, lemuel_round_altar, kennysheep_generic_room_14
D:7:      layout_basic, mainiacjoe_overflow_small_starburst, serial_shops,
          shop_statue, ebering_dispersal_statue_hall, kennysheep_crisscross
D:8:      kennysheep_windowed_halls, layout_cave_pools,
          nicolae_overflow_crystal_walls, nicolae_gozag_seed_capital,
          hangedman_ranch, uniq_maurice, uniq_psyche
D:9:      layout_big_octagon, mainiacjoe_overflow_catwalk,
          nemelex_spade_bored_becter, serial_shops, shop, serial_gnoll_camp,
          gnoll_camp_mini_doghouse, gnoll_camp_mini_house,
          gnoll_camp_mini_house, gnoll_camp_mini_shop, uniq_pikel
D:10:     layout_loops_corners, dpeg_lair_monsters, orc_0_dummy,
          dreamdust_deal_with_the_devil, nicolae_elevator_lobby_plus
D:11:     layout_long_grid
D:12:     layout_roguey
D:13:     minmay_spiral_squares, layout_rooms, mikee_hates_you
D:14:     layout_loops_ring, david_vaults_5, nicolae_wu_jian_wuxing_cycle,
          st_stairs_3
D:15:     gammafunk_enter_depths_forms, layout_rooms,
          chequers_serial_rivers_micro_b
Temple:   nicolae_temple_hex_pool
Lair:1:   layout_regular_city, eino_small_chamber_without_monster
Lair:2:   layout_layer_cave, shoals_dummy_entry,
          nicolae_spider_entry_non_spiders, grunt_megastairs_3
Lair:3:   layout_chaotic_city, tgw_fedhas, uniq_gastronok
Lair:4:   layout_gridlike, gauntlet_entry_generic, basic_altar
Lair:5:   beast_lair_carwin_large_2, layout_regular_city,
          ebering_ghost_inner_flame, minmay_lair_oklob_bushes
Lair:6:   minmay_lair_end_enchanted_forest, layout_hall_layers, slime_altar_2,
          st_stairs_13, wad_woods_river_02

Skill      XL: |  1  2  3  4  5  6  7  8  9 10 11 12 13 14 |
---------------+-------------------------------------------+-----
Crossbows      | 5 6 7 9 10 11 | 11.1
Armour         | 1 5 9 11 14 | 14.0
Fighting       | 6 10 12 13 | 13.0
Stealth        | 5 |  5.0
Shields        | 5 9 11 | 11.3
Dodging        | 4 5 |  5.0
Invocations    | 5 |  5.0
Earth Magic    | 6 9 11 | 11.3

Action                   |  1- 3 |  4- 6 |  7- 9 | 10-12 | 13-15 || total
-------------------------+-------+-------+-------+-------+-------++-------
Melee: Unarmed           |       |       |     8 |       |       ||     8
 Fire: Hand crossbow     |    70 |   129 |   344 |   863 |   762 ||  2168
Throw: Dart              |       |       |       |       |     1 ||     1
Invok: Recall Ancestor   |       |       |       |    13 |    10 ||    23
       Ancestor Life: Kn |       |       |       |     1 |       ||     1
       Transference      |       |       |       |     1 |     5 ||     6
       Ancestor Identity |       |       |       |     1 |       ||     1
       Idealise          |       |       |       |       |     4 ||     4
 Abil: Dig               |     1 |       |       |     3 |     6 ||    10
       Shaft Self        |       |     1 |     2 |     8 |     4 ||    15
Evoke: Wand              |       |       |     3 |     2 |     5 ||    10
  Use: Scroll            |       |     1 |     6 |     5 |     7 ||    19
       Potion            |       |     1 |     7 |       |    10 ||    18
 Stab: Confused          |       |       |     2 |       |       ||     2
Armor: Leather armour    |     7 |    20 |    76 |    83 |    25 ||   211
       Skin              |       |       |     3 |       |    43 ||    46
       Plate armour      |       |       |       |       |   137 ||   137
Dodge: Dodged            |    16 |    33 |   155 |   301 |   296 ||   801
Block: Buckler           |       |     9 |    40 |     7 |       ||    56
       Kite shield       |       |       |       |   206 |   326 ||   532

Table legend: (Time is in decaauts)
 A = Elapsed time spent in this place.
 B = Non-inter-level travel time spent in this place.
 C = Inter-level travel time spent in this place.
 D = Time resting spent in this place.
 E = Time spent auto-exploring this place.
 F = Levels seen in this place.
 G = Mean time per level.
                   A        B        C        D        E       F      G
               +--------+--------+--------+--------+--------+-----+--------+
         Total |  26944 |  25424 |   1520 |   4660 |  14849 |  23 | 1171.5 |
       Dungeon |  18094 |  16729 |   1365 |   3286 |   9642 |  15 | 1206.3 |
        Temple |     91 |     71 |     20 |      0 |     61 |   1 |   91.0 |
          Lair |   8427 |   8292 |    135 |   1274 |   5066 |   6 | 1404.5 |
      Gauntlet |    330 |    330 |      0 |    100 |     80 |   1 |  330.0 |
               +--------+--------+--------+--------+--------+-----+--------+

Top non-repeatable levels by time:
    D:10: 2560 daAuts
     D:6: 2293 daAuts
  Lair:5: 2210 daAuts
     D:8: 1938 daAuts
     D:7: 1901 daAuts
     D:5: 1834 daAuts
  Lair:6: 1710 daAuts
  Lair:2: 1444 daAuts
     D:4: 1440 daAuts
  Lair:4: 1365 daAuts
  Lair:1: 1211 daAuts
     D:9: 1127 daAuts
    D:11: 1117 daAuts
     D:3: 1066 daAuts
    D:12: 841 daAuts
